 Dungeon Crawl Stone Soup version 0.28.0-43-g3370ac3207 (webtiles) character file.

Game seed: 2677063255809187323

52 fknight the Chopper (level 3, -3/33 HPs)
             Began as a Hill Orc Monk on Mar 1, 2022.
             Slain by Sigmund
             ... wielding a +0 scythe
              (13 damage)
             ... on level 2 of the Dungeon.
             The game lasted 00:05:33 (1495 turns).

fknight the Chopper (Hill Orc Monk)                 Turns: 1495, Time: 00:05:34

Health: -3/33      AC:  5    Str: 19    XL:     3   Next: 85%
Magic:  3/3        EV: 11    Int: 10    God:
Gold:   50         SH:  0    Dex: 13    Spells: 2/2 levels left

rFire   . . .      SeeInvis .   e - +1 spear "Coteq" {vamp, Contam Str+4}
rCold   . . .      Faith    .   (no shield)
rNeg    . . .      Spirit   .   c - +0 ring mail
rPois   .          Reflect  .   (no helmet)
rElec   .          Harm     .   (no cloak)
rCorr   .          Rampage  .   (no gloves)
Will    .....                   (no boots)
Stlth   +.........              (no amulet)
HPRegen 0.11/turn               (no ring)
MPRegen 0.08/turn               (no ring)

@: no status effects
A: no striking features
a: no special abilities


You were on level 2 of the Dungeon.
You visited 1 branch of the dungeon, and saw 2 of its levels.

You collected 50 gold pieces.

Inventory:

Hand Weapons
 a - a +0 hand axe
 e - the +1 spear "Coteq" (weapon) {vamp, Contam Str+4}
   (You found it on level 2 of the Dungeon)

   It occasionally heals its wielder for a portion of the damage dealt when it
   wounds a living foe.
   Str:       It affects your strength (+4).
   Contam:    It causes magical contamination when unequipped.
 g - a +0 spear
Missiles
 f - 11 bolts
 j - 16 sling bullets
 k - 25 arrows
Armour
 b - a +0 robe
 c - a +0 ring mail (worn)
Scrolls
 n - 2 scrolls of magic mapping
Potions
 d - a potion of lignification
 l - a potion of flight


   Skills:
 + Level 4.2 Fighting
 + Level 4.6 Axes
 + Level 2.8 Dodging
 + Level 2.2 Stealth


You had 2 spell levels left.
You didn't know any spells.
Your spell library contained the following spells:

 Spells                   Type           Power      Damage    Failure   Level
 Blade Hands              Tmut           0%         N/A       100%        5
 Fireball                 Conj/Fire      0%         3d3       100%        5
 Irradiate                Conj/Tmut      0%         3d13      100%        5
 Starburst                Conj/Fire      0%         6d3       100%        6
 Dragon Form              Tmut           0%         N/A       100%        7
 Ignition                 Fire           0%         3d3       100%        8


Dungeon Overview and Level Annotations

Branches:
Dungeon (2/15)

Altars:

Annotations:
D:2 Sigmund


Message History

You feel a sense of dread.
e - the +1 spear "Coteq" (weapon)
{vamp, Contam Str+4} You aren't carrying any items that you can evoke.
Reach: e) +1 spear "Coteq" {vamp, Contam Str+4}
Press: ? - help, Dir - move target, f - Sigmund
Aim: Sigmund, wielding a +0 scythe and wearing a +0 robe (about 39% to evade the +1 spear "Coteq")
You reach to attack!
You hit Sigmund.
You feel better.
Sigmund is lightly wounded.
Sigmund barely misses you.
Reach: e) +1 spear "Coteq" {vamp, Contam Str+4}
Press: ? - help, Dir - move target, f/p - Sigmund
Aim: Sigmund, wielding a +0 scythe and wearing a +0 robe (lightly wounded, about 39% to evade the +1 spear "Coteq")
You reach to attack!
You hit Sigmund.
You feel better.
Sigmund is lightly wounded.
Reach: e) +1 spear "Coteq" {vamp, Contam Str+4}
Press: ? - help, Dir - move target, f/p - Sigmund
Aim: Sigmund, wielding a +0 scythe and wearing a +0 robe (lightly wounded, about 39% to evade the +1 spear "Coteq")
You reach to attack!
You hit Sigmund but do no damage.
Sigmund is lightly wounded.
Sigmund hits you from afar with a +0 scythe.
Reach: e) +1 spear "Coteq" {vamp, Contam Str+4}
Press: ? - help, Dir - move target, f/p - Sigmund
Aim: Sigmund, wielding a +0 scythe and wearing a +0 robe (lightly wounded, about 39% to evade the +1 spear "Coteq")
You reach to attack!
You barely miss Sigmund.
Sigmund is lightly wounded.
Sigmund gestures wildly while chanting.
Sigmund flickers and vanishes!
Deactivating autopickup; reactivate with Ctrl-A.
Reach: e) +1 spear "Coteq" {vamp, Contam Str+4}
Press: ? - help, Dir - move target, f - you That would be overly suicidal.
Okay, then.
Something hits you!
You hit something.
You feel better.
You hit something. Something hits you but does no damage.
You hit something. Something hits you!
You miss something. You closely miss something. Something hits you.
You miss something. Your punch misses something. Something hits you!
You die...

########## #........#
#######........#
.##............#
....###........#
.....†'........######
.†#.###.............#
....# #.............#
..###*###.###..{@...#
....,,,.....+....>..#
..###,.?...##.......#
.(# *......##.......#
..# *.......#.......#
♣♣#**,,,,,,,#.......#
**,,,,,,,*,,#.......#
**,*******,,#.......#
*,,* *...###...##


There were no monsters in sight!

Vanquished Creatures
  An adder (D:2)
  A worm (D:2)
  2 dart slugs (D:1)
  2 ball pythons (D:1)
  2 endoplasms
  2 giant cockroaches (D:1)
  5 hobgoblins
  2 quokkas (D:1)
  2 bats (D:1)
  3 frilled lizards
  8 goblins (D:1)
  A rat (D:1)
31 creatures vanquished.

Vanquished Creatures (others)
  70 plants (D:2)
70 creatures vanquished.

Grand Total: 101 creatures vanquished

Notes
Turn   | Place    | Note
-------+----------+-------------------------------------------
     0 | D:1      | fknight the Hill Orc Monk began the quest for the Orb.
     0 | D:1      | Reached XP level 1. HP: 19/19 MP: 1/1
   114 | D:1      | Reached XP level 2. HP: 11/27 MP: 2/2
   619 | D:1      | Reached XP level 3. HP: 33/33 MP: 3/3
  1011 | D:2      | Noticed Sigmund
  1232 | D:2      | Identified the +1 spear "Coteq" {vamp, Contam Str+4}
  1495 | D:2      | Slain by Sigmund

Illustrated notes

Levels and vault maps discovered:
D:1:      wander_arrival_desolate, layout_basic, minmay_tromino_v4_c
D:2:      wad_woods_stonehenge, layout_basic,
          hellmonk_ecumenical_altar_leap_of_faith, uniq_sigmund

Skill      XL: |  1  2 |
---------------+-------+-----
Stealth        | 2 |  2.2
Fighting       | 4 |  4.2
Axes           | |  4.6
Dodging        | |  2.8

Action                   || total
-------------------------++-------
Melee: Hand axe          ||   120
       Spear             ||    10
  Use: Scroll            ||     6
       Potion            ||     1
 Stab: Sleeping          ||     1
Armor: Robe              ||     2
       Ring mail         ||    33
Dodge: Dodged            ||    60
